 Dungeon Sprint DCSS version 0.18-a0-1323-g706dcef (webtiles) character file.

171 Kidiri the Covert (level 5, -3/24 (27) HPs)
             Began as a Spriggan Enchanter on Feb 15, 2016.
             Slain by a necrophage (5 damage)
             ... in the Dungeon (Sprint II: "The Violet Keep of Menkaure").
             The game lasted 00:02:08 (64 turns).

Kidiri the Covert (Spriggan Enchanter)                Turns: 64, Time: 00:02:09

HP:   -3/24 (27)    AC:  3    Str:  4    XL:     5   Next: 26%
MP:   8/14          EV: 22    Int: 17    God:
Gold: 0             SH:  0    Dex: 17    Spells: 1 memorised, 15 levels left

rFire  . . .     SeeInvis +     a - +1 dagger
rCold  . . .     Gourm    .     b - +1 robe
rNeg   . . .     Faith    .     (shield restricted)
rPois  .         Spirit   .     (helmet restricted)
rElec  .         Dismiss  .     (no cloak)
rCorr  .         Reflect  .     (gloves unavailable)
SustAt .         Harm     .     (boots unavailable)
MR     .....     NoTele   +     (no amulet)
Stlth  +++++.....               (no ring)
                                (no ring)

@: exhausted, slowed, quick, not resistant to hostile enchantments, quite
stealthy
A: unfitting armour, see invisible, herbivore 3, speed 3, slow metabolism 2
a: no special abilities


You were in the Dungeon.
You were not hungry.

You visited 1 branch

Inventory:

Hand Weapons
 a - a +1 dagger (weapon)
Armour
 b - a +1 robe (worn)
Scrolls
 j - a scroll of blinking
Potions
 g - a potion of haste
 h - 2 potions of magic
Books
 c - a book of Maledictions

   Spells                             Type                      Level
   a - Corona                         Hexes                        1
   b - Ensorcelled Hibernation        Hexes/Ice                    2
   c - Confuse                        Hexes                        3
   d - Tukima's Dance                 Hexes                        3
   e - Dazzling Spray                 Conjuration/Hexes            3
Comestibles
 d - a bread ration


   Skills:
 + Level 2.4 Fighting
 * Level 5.0 Short Blades
 + Level 2.2 Armour
 * Level 7.1 Dodging
 * Level 8.3 Stealth
 * Level 6.0 Spellcasting
 + Level 5.4 Hexes


You had 15 spell levels left.
You knew the following spells:

 Your Spells              Type           Power        Failure   Level  Hunger
a - Corona                Hex            ###....      1%          1    None


Dungeon Overview and Level Annotations

Branches:
Dungeon (1/1)

Altars:


Innate Abilities, Weirdness & Mutations

You are tiny and cannot use many weapons and most armour.
You have supernaturally acute eyesight.
You are an herbivore.
You cover ground extremely quickly.
You need consume almost no food.


Message History

The necrophage is almost destroyed.
The necrophage hits you.
* * * LOW HITPOINT WARNING * * *
Your flesh rots away! x2; The necrophage completely misses you.
The necrophage misses you. The necrophage misses you.
The necrophage stops glowing.
There is an open door here.
You see here a necrophage corpse.
You see here 243 gold pieces.
You open the door. The necrophage hits you.
* * * LOW HITPOINT WARNING * * *
Your flesh rots away! x2
There is an open door here.
You see here 243 gold pieces.
There is an open door here.
You hit the necrophage.
The necrophage is almost destroyed.
The necrophage hits you.
You die...

## ## ##. .##
## .B B. .# $#.
### .##
#+###.##..#
##.##..n#..#
+.<.†$##@..#
##.##..n#.§..#
#+###.##§§....≈
### ≈.....≈
≈§≈§§.≈ ≈§≈≈§.≈
§§≈≈≈≈≈ ≈≈§§≈≈≈


You could see 2 necrophages.

Vanquished Creatures
  2 necrophages (D)
2 creatures vanquished.

Notes
Turn   | Place    | Note
--------------------------------------------------------------
     0 | D        | Kidiri the Spriggan Enchanter began the quest for the Orb.
     0 | D        | Reached XP level 1. HP: 9/9 MP: 5/5
     1 | D        | Noticed a boulder beetle
     1 | D        | Noticed a boulder beetle
     4 | D        | Noticed a necrophage
     4 | D        | Noticed a necrophage
     4 | D        | Noticed a necrophage
     4 | D        | Noticed a necrophage
    13 | D        | Killed a necrophage
    13 | D        | Reached skill level 1 in Fighting
    13 | D        | Reached skill level 1 in Armour
    13 | D        | Reached skill level 5 in Dodging
    13 | D        | Reached skill level 6 in Stealth
    13 | D        | Reached XP level 2. HP: 8/13 MP: 5/8
    13 | D        | Reached XP level 3. HP: 10/16 MP: 6/10
    13 | D        | Reached XP level 4. HP: 12/21 MP: 6/11
    26 | D        | Killed a necrophage
    26 | D        | Reached skill level 5 in Short Blades
    26 | D        | Reached skill level 7 in Dodging
    26 | D        | Reached skill level 8 in Stealth
    26 | D        | Reached skill level 5 in Hexes
    26 | D        | Reached XP level 5. HP: 9/24 MP: 6/14
    56 | D        | HP: 1/25 [necrophage (4)]
    64 | D        | Slain by a necrophage

Vault maps used:
D:        the_violet_keep_of_menkaure

Action                   |  1- 3 |  4- 6 || total
-------------------------+-------+-------++-------
Melee: Dagger            |     7 |    29 ||    36
 Cast: Corona            |       |     4 ||     4
  Use: Potion            |     1 |     2 ||     3
